Workbook
Name TypeIntervention: [1]Lists!$B$57:$B$59

Sheet Herramienta de evaluación
B1: HERRAMIENTA DE EVALUACIÓN DE LA INTEGRACIÓN DE LA PERSPECTIVA DE GÉNERO
B2: Objetivo: Esta evaluación le ayudará a comprender el nivel de integración de la perspectiva de género en su organización y le permitirá descubrir áreas de mejora. Instrucciones: 1) Hay 10 secciones en esta evaluación, que cubren 3 áreas principales de la organización: i) diversidad del personal y del liderazgo, ii) producto o servicio con perspectiva de género, y iii) diversidad y equidad en la cadena de suministro. 2) Para cada pregunta, hay 5 u 8 respuestas posibles para elegir. Elija la opción que mejor refleje la situación de su organización o, si considera que ninguna de las opciones es aplicable a su organización, elija "No aplicable". 3) Para seleccionar una respuesta, introduzca una "X" manualmente o utilizando el menú desplegable: Por favor, seleccione únicamente una respuesta 4) Una vez que haya respondido a todas las preguntas, diríjase a la página "M2 - Resultados de la evaluación" para consultar el nivel actual de integración de la perspectiva de género en su organización y detectar las áreas que podrían necesitar mejoras. Nota: La palabra "mujeres" se utiliza para designar a las personas que se identifican como mujeres, y la palabra "hombres" para designar a las personas que se identifican como hombres.
C4: DIVERSIDAD DEL PERSONAL Y DEL LIDERAZGO
B5: Sección 1: Contratación equilibrada entre géneros
C8: 1.1 ¿Qué proporción (%) de los/as empleados/as de su organización son mujeres?
E10: 0-15%
E11: 15-30%
E12: 30-45%
E13: 45-55%
E14: 55-70%
E15: 70-85%
E16: 85%-100%
E17: NA
C19: Question points: | E19: =IF(OR(C10="X",C16="X"),1,IF(OR(C11="X",C15="X"),2,IF(OR(C12="X",C14="X"),3,IF(C13="X",4,0)))) -> 0
C21: 1.2 ¿Emplea su organización a mujeres/hombres en roles más allá de los “estereotipados”? (p.ej., roles donde se asume que las mujeres son solidarias y los hombres competitivos, lo que resulta en una sobrerrepresentación de mujeres en puestos administrativos y de hombres en puestos de ventas)
E23: En nuestro equipo (casi) no hay mujeres/hombres en general
E24: Las mujeres de nuestro equipo están mayormente empleadas en roles ocupados principalmente por mujeres (p. ej., administración, comunicación, RRHH, etc.), mientras que los hombres trabajan principalmente en roles ocupados mayoritariamente por hombres (p. ej., trabajos técnicos, labores manuales, ventas, etc.)
E25: Nuestro equipo tiene una buena representación de mujeres/hombres en roles no estereotipados, pero principalmente en posiciones junior
E26: Nuestro equipo tiene una buena representación de mujeres/hombres en diferentes niveles jerárquicos y tipos de trabajo
E27: NA
C29: Question points: | E29: =IF(C23="X",1,IF(C24="X",2,IF(C25="X",3,IF(C26="X",4,0)))) -> 0
C31: 1.3 ¿Intenta su organización reclutar activamente empleados/as del género que está subrepresentado en su equipo?
E33: No realizamos ningún esfuerzo específico para garantizar la representación equitativa de género en nuestro equipo, ni tenemos objetivos para ello
E34: Nos gustaría mejorar la representación equitativa de género en nuestro equipo, pero no tenemos iniciativas específicas para garantizarla. Nuestro material de contratación está diseñado para comunicarse con candidatos/as de todos los géneros (p. ej., el texto y los elementos visuales se refieren tanto a hombres como a mujeres)
E35: Buscamos activamente candidatos/as del género subrepresentado en nuestro equipo, promoviendo las oportunidades de forma que les resulten atractivas (p. ej., destacando elementos que típicamente valora el género subrepresentado, p. ej. para las mujeres, el ambiente de trabajo, la flexibilidad, los beneficios para las madres trabajadoras, etc.)
E36: Contamos con un proceso sólido para encontrar candidatos/as del género subrepresentado en nuestro equipo (p. ej., organizando eventos de contratación dirigidos a candidatos/as del género subrepresentado, promoviendo vacantes a través de canales no tradicionales, ampliando nuestra reserva de candidatos/as a perfiles no tradicionales), atraerlos/as (p. ej., presentando un discurso promocional ajustado a lo que valora el género subrepresentado) y apoyarlos/as durante el proceso de contratación
E37: NA
C39: Question points: | E39: =IF(C33="X",1,IF(C34="X",2,IF(C35="X",3,IF(C36="X",4,0)))) -> 0
C41: 1.4 ¿Cuenta su organización con procesos que garanticen la igualdad de oportunidades para los/as candidatos/as de todos los géneros como reclutador/a?
E43: No tenemos procesos específicos para garantizar la igualdad de oportunidades en nuestro proceso de contratación
E44: Somos conscientes de los prejuicios de género y tratamos de ser justos en nuestro proceso de contratación
E45: Tenemos varias iniciativas para garantizar que los/as candidatos/as tengan las mismas oportunidades en nuestro proceso de contratación. Utilizamos CV ciegos (es decir, eliminamos el nombre y la foto) y nuestros/as reclutadores/as han recibido formación sobre prejuicios de género inconscientes
E46: Tenemos varias iniciativas para garantizar que los/as candidatos/as tengan las mismas oportunidades en nuestro proceso de contratación. Utilizamos CV ciegos, nuestros/as reclutadores/as han recibido formación sobre prejuicios de género inconscientes, y contamos con un proceso en el que los/as candidatos/as preseleccionados/as son debatidos/as por un comité formado por profesionales de género diverso
E47: NA
C49: Question points: | E49: =IF(C43="X",1,IF(C44="X",2,IF(C45="X",3,IF(C46="X",4,0)))) -> 0
C51: 1.5 ¿Qué proporción (%) de la alta dirección de su organización está compuesta por mujeres?
E53: 0-15%
E54: 15-30%
E55: 30-45%
E56: 45-55%
E57: 55-70%
E58: 70-85%
E59: 85%-100%
E60: NA
C62: Question points: | E62: =IF(OR(C53="X",C59="X"),1,IF(OR(C54="X",C58="X"),2,IF(OR(C55="X",C57="X"),3,IF(C56="X",4,0)))) -> 0
C64: 1.6 ¿Intenta su organización reclutar activamente a gerentes del género que está subrepresentado en los puestos de alta dirección?
E66: No realizamos ningún esfuerzo específico para garantizar la representación equitativa de género en los puestos de alta dirección, ni tenemos objetivos para ello
E67: Nos gustaría mejorar la representación equitativa de género en los puestos de alta dirección, pero no tenemos iniciativas específicas para garantizarla. Nuestro material de contratación está diseñado para comunicarse con candidatos/as de todos los géneros (p. ej., el texto y los elementos visuales se refieren tanto a hombres como a mujeres)
E68: Buscamos activamente candidatos/as del género subrepresentado para cubrir los puestos de alta dirección, promoviendo las oportunidades de forma que les resulten atractivas (p. ej., destacando elementos que típicamente valora el género subrepresentado, p. ej., para las mujeres, el ambiente de trabajo, la flexibilidad, los beneficios para las madres trabajadoras, etc.)
E69: Contamos con un proceso sólido para encontrar candidatos/as del género subrepresentado para los puestos de alta dirección (p. ej., organizando eventos de contratación dirigidos a candidatos/as del género subrepresentado, promoviendo vacantes a través de canales no tradicionales, ampliando nuestra reserva de candidatos/as a perfiles no tradicionales), atraerlos/as (p. ej., presentando un discurso promocional ajustado a lo que valora el género subrepresentado) y apoyarlos/as durante el proceso de contratación
E70: NA
C72: Question points: | E72: =IF(C66="X",1,IF(C67="X",2,IF(C68="X",3,IF(C69="X",4,0)))) -> 0
C74: DIVERSIDAD DEL PERSONAL Y DEL LIDERAZGO
C75: Sección 2: Promoción y retención equilibradas entre géneros
C78: 2.1 Por lo general, ¿avanzan los/as empleados/as de todos los géneros en su carrera al mismo ritmo en su organización?
E80: No medimos el ritmo de progresión profesional, por lo que es difícil saberlo
E81: Los/as empleados/as de un determinado género tienden a ascender más lentamente que sus homólogos/as
E82: Los/as empleados/as de todos los géneros progresan de manera similar, hasta llegar a los puestos de alta dirección, donde los/as empleados/as de un determinado género suelen tomar la delantera debido a barreras específicas de género que enfrentan sus homólogos/as
E83: Frecuentemente medimos y abordamos el ritmo de progresión profesional por géneros y sabemos que los/as empleados/as de todos los géneros progresan al mismo ritmo en nuestra organización
E84: NA
C86: Question points: | E86: =IF(C80="X",1,IF(C81="X",2,IF(C82="X",3,IF(C83="X",4,0)))) -> 0
C88: 2.2 ¿Intenta su organización promocionar activamente a empleados/as del género que está subrepresentado en los puestos de alta dirección?
E90: No realizamos ningún esfuerzo específico para garantizar la representación equitativa de género en los puestos de alta dirección, ni tenemos objetivos para ello
E91: Nos gustaría mejorar la representación equitativa de género en los puestos de alta dirección, pero no tenemos iniciativas específicas para garantizarla
E92: Intentamos promocionar activamente a los/as empleados/as del género subrepresentado en los puestos de alta dirección ( p. ej. dar prioridad a los/as candidatos/as del género subrepresentado)
E93: Disponemos de un proceso sólido para fomentar y facilitar la promoción de empleados/as del género subrepresentado en puestos de alta dirección (p. ej., permitir la flexibilidad, políticas de promoción objetivas)
E94: NA
C96: Question points: | E96: =IF(C90="X",1,IF(C91="X",2,IF(C92="X",3,IF(C93="X",4,0)))) -> 0
C98: 2.3 ¿Ofrece su organización programas de mentoría de mujer a mujer o de hombre a hombre?
E100: No
E101: No, pero estamos abiertos a la idea
E102: Sí, pero sólo en casos concretos o ad hoc
E103: Sí, contamos con un programa específico de mentoría de mujer a mujer o de hombre a hombre para empleados/as
E104: NA
C106: Question points: | E106: =IF(C100="X",1,IF(C101="X",2,IF(C102="X",3,IF(C103="X",4,0)))) -> 0
C108: DIVERSIDAD DEL PERSONAL Y DEL LIDERAZGO
C109: Sección 3: Políticas y prácticas de RRHH con perspectiva de género
C112: 3.1 ¿Ofrece su organización el mismo salario a empleados/as de todos los géneros con el mismo nivel de responsabilidad?
E114: Los salarios se negocian caso por caso, independientemente del género
E115: La mayoría de nuestros/as empleados/as con un nivel de responsabilidad equivalente tienen el mismo salario independientemente de su género
E116: Disponemos de un proceso para garantizar que los/as empleados/as con un nivel de responsabilidad equivalente tengan el mismo salario independientemente de su género, pero principalmente en posiciones junior
E117: Disponemos de un proceso para garantizar que los/as empleados/as con un nivel de responsabilidad equivalente tengan el mismo salario independientemente de su género en todos los niveles jerárquicos
E118: NA
C120: Question points: | E120: =IF(C114="X",1,IF(C115="X",2,IF(C116="X",3,IF(C117="X",4,0)))) -> 0
C122: 3.2 ¿Proporciona su organización transparencia sobre los niveles salariales y la ratio de la brecha salarial de género?
E124: No tenemos transparencia sobre los niveles salariales de los/as empleados/as
E125: Tenemos algo de transparencia sobre los niveles salariales pero no desglosados por género
E126: Tenemos transparencia sobre los niveles salariales, desglosados por género
E127: Tenemos transparencia sobre los niveles salariales, desglosados por género, y debatimos las políticas salariales con nuestro equipo para garantizar que no haya discriminación por razón de género (o percepción de la misma)
E128: NA
C130: Question points: | E130: =IF(C124="X",1,IF(C125="X",2,IF(C126="X",3,IF(C127="X",4,0)))) -> 0
C132: 3.3 ¿Garantiza su organización criterios claros y objetivos para los aumentos salariales y los ascensos, teniendo en cuenta las diferencias entre géneros a la hora de abordar estas discusiones/negociaciones?
E134: Tratamos a todo el mundo de la misma manera, sin criterios objetivos y sin tener en cuenta las dinámicas de género
E135: Somos conscientes de las dinámicas de género (es decir, que las mujeres tienden a ser menos agresivas en sus demandas), pero no intentamos concienciar activamente sobre esta dinámica ni contrarrestarla con criterios objetivos para los aumentos
E136: Somos transparentes sobre el nivel salarial que se puede esperar para los diferentes niveles de responsabilidad, y animamos a nuestro/as empleados/as de alto rendimiento a que expresen sus demandas de manera más contundente si aún no lo hacen
E137: Somos transparentes sobre el nivel salarial que se puede esperar para los diferentes niveles de responsabilidad, y ofrecemos aumentos salariales basados en criterios objetivos y bien definidos. Los aumentos salariales se discuten en un comité formado por profesionales de género diverso. Si es aplicable, se informa a los empleados/as (especialmente a las mujeres) sobre su tendencia a ser menos vocales acerca de sus demandas
E138: NA
C140: Question points: | E140: =IF(C134="X",1,IF(C135="X",2,IF(C136="X",3,IF(C137="X",4,0)))) -> 0
C142: 3.4 ¿Dispone su organización de una política de baja parental retribuida?
E144: Sólo ofrecemos permisos de maternidad no remunerados
...

Sheet Resultados evaluación
B1: TABLA DE RESULTADOS
B2: Instrucciones para leer sus resultados: 1) Tiene un resultado por sección y un resultado total, que es la media de sus puntuaciones en cada sección. La escala va de 1 (bajo) a 4 (alto). 2) Ahora que tiene sus resultados, vaya a la página «M2 - Priorización de ideas» para ver todas las iniciativas potenciales de integración de la perspectiva de género que se pueden aplicar en su organización y priorizarlas. 3) También puede ir a la página «M2 - Biblioteca de recursos» para obtener más ideas sobre cómo mejorar la integración de la perspectiva de género en su organización.
B4: Área | D4: Sección | E4: Resultado
B5: Diversidad del personal y del liderazgo | D5: ='Herramienta de evaluación'!B5 -> Sección 1: Contratación equilibrada entre géneros | E5: =IFERROR(AVERAGEIF('Assessment answers'!B7:B12,"<>0"),0) -> 0
D6: ='Herramienta de evaluación'!C75 -> Sección 2: Promoción y retención equilibradas entre géneros | E6: =IFERROR(AVERAGEIF('Assessment answers'!B14:B16,"<>0"),0) -> 0
D7: ='Herramienta de evaluación'!C109 -> Sección 3: Políticas y prácticas de RRHH con perspectiva de género | E7: =IFERROR(AVERAGEIF('Assessment answers'!B18:B28,"<>0"),0) -> 0
D8: ='Herramienta de evaluación'!C223 -> Sección 4: Diversidad en el Consejo de administración | E8: =IFERROR(AVERAGEIF('Assessment answers'!B30:B31,"<>0"),0) -> 0
B9: Producto o servicio con perspectiva de género | D9: ='Herramienta de evaluación'!C250 -> Sección 5: Diseño de productos y estudio de mercado con perspectiva de género | E9: =IFERROR(AVERAGEIF('Assessment answers'!B33:B35,"<>0"),0) -> 0
D10: ='Herramienta de evaluación'!C284 -> Sección 6: Marketing y comunicación con perspectiva de género | E10: =IFERROR(AVERAGEIF('Assessment answers'!B37:B40,"<>0"),0) -> 0
D11: ='Herramienta de evaluación'!C328 -> Sección 7: Diversidad en los equipos de distribución y ventas | E11: =IFERROR(AVERAGEIF('Assessment answers'!B42:B44,"<>0"),0) -> 0
D12: ='Herramienta de evaluación'!C365 -> Sección 8: Atención al cliente con perspectiva de género | E12: =IFERROR(AVERAGEIF('Assessment answers'!B46,"<>0"),0) -> 0
B13: Diversidad y equidad en la cadena de suministro | D13: ='Herramienta de evaluación'!C379 -> Sección 9: Selección de proveedores/as estratégicos/as con perspectiva de género | E13: =IFERROR(AVERAGEIF('Assessment answers'!B48:B51,"<>0"),0) -> 0
D14: ='Herramienta de evaluación'!C426 -> Sección 10: Formación de los/as proveedores/as estratégicos/as con perspectiva de género | E14: =IFERROR(AVERAGEIF('Assessment answers'!B53:B54,"<>0"),0) -> 0
D15: Total | E15: =IFERROR(AVERAGEIF(E5:E14,"<>0"),0) -> 0

Sheet Assessment answers
B2: RESPUESTAS
B3: X
B5: RANGOS PARA MEDIA
A6: Sub-sección | B6: Sección 1 | C6: =IF(B6=0,"NA",B6) -> Sección 1
A7: 1.1 | B7: ='Herramienta de evaluación'!E19 -> 0 | C7: =IF(B7=0,"NA",B7) -> NA
A8: 1.2 | B8: ='Herramienta de evaluación'!E29 -> 0 | C8: =IF(B8=0,"NA",B8) -> NA
A9: 1.3 | B9: ='Herramienta de evaluación'!E39 -> 0 | C9: =IF(B9=0,"NA",B9) -> NA
A10: 1.4 | B10: ='Herramienta de evaluación'!E49 -> 0 | C10: =IF(B10=0,"NA",B10) -> NA
A11: 1.5 | B11: ='Herramienta de evaluación'!E62 -> 0 | C11: =IF(B11=0,"NA",B11) -> NA
A12: 1.6 | B12: ='Herramienta de evaluación'!E72 -> 0 | C12: =IF(B12=0,"NA",B12) -> NA
A13: - | B13: Sección 2 | C13: =IF(B13=0,"NA",B13) -> Sección 2
A14: 2.1 | B14: ='Herramienta de evaluación'!E86 -> 0 | C14: =IF(B14=0,"NA",B14) -> NA
A15: 2.2 | B15: ='Herramienta de evaluación'!E96 -> 0 | C15: =IF(B15=0,"NA",B15) -> NA
A16: 2.3 | B16: ='Herramienta de evaluación'!E106 -> 0 | C16: =IF(B16=0,"NA",B16) -> NA
A17: - | B17: Sección 3 | C17: =IF(B17=0,"NA",B17) -> Sección 3
A18: 3.1 | B18: ='Herramienta de evaluación'!E120 -> 0 | C18: =IF(B18=0,"NA",B18) -> NA
A19: 3.2 | B19: ='Herramienta de evaluación'!E130 -> 0 | C19: =IF(B19=0,"NA",B19) -> NA
A20: 3.3 | B20: ='Herramienta de evaluación'!E140 -> 0 | C20: =IF(B20=0,"NA",B20) -> NA
A21: 3.4 | B21: ='Herramienta de evaluación'!E150 -> 0 | C21: =IF(B21=0,"NA",B21) -> NA
A22: 3.5 | B22: ='Herramienta de evaluación'!E160 -> 0 | C22: =IF(B22=0,"NA",B22) -> NA
A23: 3.6 | B23: ='Herramienta de evaluación'!E170 -> 0 | C23: =IF(B23=0,"NA",B23) -> NA
A24: 3.7 | B24: ='Herramienta de evaluación'!E180 -> 0 | C24: =IF(B24=0,"NA",B24) -> NA
A25: 3.8 | B25: ='Herramienta de evaluación'!E190 -> 0 | C25: =IF(B25=0,"NA",B25) -> NA
A26: 3.9 | B26: ='Herramienta de evaluación'!E200 -> 0 | C26: =IF(B26=0,"NA",B26) -> NA
A27: 3.1* | B27: ='Herramienta de evaluación'!E210 -> 0 | C27: =IF(B27=0,"NA",B27) -> NA
A28: 3.11 | B28: ='Herramienta de evaluación'!E220 -> 0 | C28: =IF(B28=0,"NA",B28) -> NA
A29: - | B29: Sección 4 | C29: =IF(B29=0,"NA",B29) -> Sección 4
A30: 4.1 | B30: ='Herramienta de evaluación'!E237 -> 0 | C30: =IF(B30=0,"NA",B30) -> NA
A31: 4.2 | B31: ='Herramienta de evaluación'!E247 -> 0 | C31: =IF(B31=0,"NA",B31) -> NA
A32: - | B32: Sección 5 | C32: =IF(B32=0,"NA",B32) -> Sección 5
A33: 5.1 | B33: ='Herramienta de evaluación'!E261 -> 0 | C33: =IF(B33=0,"NA",B33) -> NA
A34: 5.2 | B34: ='Herramienta de evaluación'!E271 -> 0 | C34: =IF(B34=0,"NA",B34) -> NA
A35: 5.3 | B35: ='Herramienta de evaluación'!E281 -> 0 | C35: =IF(B35=0,"NA",B35) -> NA
A36: - | B36: Sección 6 | C36: =IF(B36=0,"NA",B36) -> Sección 6
A37: 6.1 | B37: ='Herramienta de evaluación'!E295 -> 0 | C37: =IF(B37=0,"NA",B37) -> NA
A38: 6.2 | B38: ='Herramienta de evaluación'!E305 -> 0 | C38: =IF(B38=0,"NA",B38) -> NA
A39: 6.3 | B39: ='Herramienta de evaluación'!E315 -> 0 | C39: =IF(B39=0,"NA",B39) -> NA
A40: 6.4 | B40: ='Herramienta de evaluación'!E325 -> 0 | C40: =IF(B40=0,"NA",B40) -> NA
A41: - | B41: Sección 7 | C41: =IF(B41=0,"NA",B41) -> Sección 7
A42: 7.1 | B42: ='Herramienta de evaluación'!E342 -> 0 | C42: =IF(B42=0,"NA",B42) -> NA
A43: 7.2 | B43: ='Herramienta de evaluación'!E352 -> 0 | C43: =IF(B43=0,"NA",B43) -> NA
A44: 7.3 | B44: ='Herramienta de evaluación'!E362 -> 0 | C44: =IF(B44=0,"NA",B44) -> NA
A45: - | B45: Sección 8 | C45: =IF(B45=0,"NA",B45) -> Sección 8
A46: 8.1 | B46: ='Herramienta de evaluación'!E376 -> 0 | C46: =IF(B46=0,"NA",B46) -> NA
A47: - | B47: Sección 9 | C47: =IF(B47=0,"NA",B47) -> Sección 9
A48: 9.1 | B48: ='Herramienta de evaluación'!E393 -> 0 | C48: =IF(B48=0,"NA",B48) -> NA
A49: 9.2 | B49: ='Herramienta de evaluación'!E403 -> 0 | C49: =IF(B49=0,"NA",B49) -> NA
A50: 9.3 | B50: ='Herramienta de evaluación'!E413 -> 0 | C50: =IF(B50=0,"NA",B50) -> NA
A51: 9.4 | B51: ='Herramienta de evaluación'!E423 -> 0 | C51: =IF(B51=0,"NA",B51) -> NA
A52: - | B52: Sección 10 | C52: =IF(B52=0,"NA",B52) -> Sección 10
A53: 10.1 | B53: ='Herramienta de evaluación'!E437 -> 0 | C53: =IF(B53=0,"NA",B53) -> NA
A54: 10.2 | B54: ='Herramienta de evaluación'!E447 -> 0 | C54: =IF(B54=0,"NA",B54) -> NA

Sheet Idea prioritization list
D1: Alto | E1: 3
A2: 1. Contratación equilibrada entre géneros | D2: Medio | E2: 2
A3: 2. Promoción y retención equilibradas entre géneros | D3: Bajo | E3: 1
A4: 3. Políticas y prácticas de RRHH con perspectiva de género
A5: 4. Diversidad en el Consejo de administración
A6: 5. Diseño de productos y estudios de mercado con perspectiva de género
A7: 6. Marketing y comunicación con perspectiva de género
A8: 7. Diversidad en los equipos de distribución y ventas
A9: 8. Atención al cliente con perspectiva de género
A10: 9. Selección de proveedores/as estratégicos/as con perspectiva de género
A11: 10. Formación de los proveedores/as estratégicos/as con perspectiva de género
A12: Total
A14: Sección 1: Contratación equilibrada entre géneros
A15: Sección 2: Promoción y retención equilibradas entre géneros
A16: Sección 3: Políticas y prácticas de RRHH con perspectiva de género
... A24: Total

Sheet Gender
A1: TIPO DE INTERVENCIÓN | B1: Diversidad del personal y del liderazgo
B2: Producto o servicio con perspectiva de género
B3: Diversidad y equidad en la cadena de suministro
A5: ÁREA DE INTERVENCIÓN | B5: Contratación equilibrada entre hombres y mujeres
B6: Promoción y retención equilibradas entre hombres y mujeres
B7: Políticas y prácticas de RRHH con perspectiva de género
B8: Diversidad en el Consejo de administración
B10: Diseño de productos y estudios de mercado con perspectiva de género
B11: Marketing y comunicación con perspectiva de género
B12: Diversidad en los equipos de distribución y ventas
B13: Atención al cliente con perspectiva de género
B15: Selección de proveedores/as estratégicos/as con perspectiva de género
B16: Formación de los/as proveedores/as estratégicos/as con perspectiva de género
B18: Sí
B19: No
